 Dungeon Crawl Stone Soup version 0.30-a0-626-gd6a5dd7a1f (webtiles) character file.

Game seed: 17871944051360745441

2592 Conn the Thaumaturge (level 9, -11/53 HPs)
             Began as an Octopode Fire Elementalist on Jan 11, 2023.
             Was a Follower of Sif Muna.
             Killed from afar by a deep elf pyromancer (39 damage)
             ... with a bolt of fire
             ... on level 7 of the Dungeon.
             The game lasted 00:13:20 (6249 turns).

Conn the Thaumaturge (Octopode Fire Elementalist)   Turns: 6249, Time: 00:13:21

Health: -11/53     AC:  1    Str:  7    XL:     9   Next: 58%
Magic:  13/21      EV: 13    Int: 22    God:    Sif Muna [*.....]
Gold:   159        SH:  0    Dex: 12    Spells: 8/24 levels left

rFire   . . .      SeeInvis .    t - staff of poison
rCold   . . .      Faith    .    (no shield)
rNeg    + . .      Spirit   .    (helmet restricted)
rPois   +          Reflect  .    (no amulet)
rElec   .          Harm     .    n - ring of positive energy
rCorr   .          Rampage  .    (no ring)
Will    .....                    (no ring)
Stlth   +++                      (no ring)
HPRegen 0.28/turn                (no ring)
MPRegen 0.17/turn                (no ring)
                                 (no ring)
                                 (no ring)

@: about to teleport
A: almost no armour, amphibious, 8 rings, camouflage 1, gelatinous body 1,
(nimble swimmer 1), tentacles
a: Renounce Religion, Channel Magic


You were on level 7 of the Dungeon.
You worshipped Sif Muna.
Sif Muna was aware of your devotion.
You visited 1 branch of the dungeon, and saw 7 of its levels.

You collected 360 gold pieces.
You spent 201 gold pieces at shops.

Inventory:

Hand Weapons
 p - a +0 rapier
Missiles
 E - a curare-tipped dart (quivered)
Magical Staves
 t - a staff of poison (weapon)
Jewellery
 n - a ring of positive energy (left tentacle)
Wands
 g - a wand of flame (22)
 z - a wand of iceblast (6)
Scrolls
 c - a scroll of fear {unknown}
 e - 3 scrolls of teleportation
 h - a scroll of immolation {unknown}
 i - 8 scrolls of identify {unknown}
 j - 2 scrolls of noise {unknown}
 k - a scroll of torment {unknown}
 m - 2 scrolls of enchant armour {unknown}
 v - a scroll of summoning {unknown}
 w - 2 scrolls of amnesia {unknown}
 y - a scroll of vulnerability {unknown}
 A - a scroll of fog {unknown}
 B - a scroll of blinking {unknown}
 F - a scroll of silence {unknown}
Potions
 a - a potion of magic
 b - 2 potions of heal wounds {unknown}
 d - 2 potions of curing
 f - a potion of invisibility {unknown}
 l - 2 potions of resistance {unknown}
 o - 3 potions of flight {unknown}
 q - a potion of might {unknown}
 r - a potion of attraction {unknown}
 s - a potion of brilliance {unknown}
 u - a potion of degeneration
 x - 2 potions of lignification
 C - a potion of berserk rage {unknown}
 D - 2 potions of haste {unknown}


   Skills:
 + Level 1.1 Fighting
 + Level 1.7 Short Blades
 + Level 0.7 Staves
 + Level 0.1 Throwing
 + Level 2.6 Dodging
 + Level 3.6 Stealth
 * Level 8.2 Spellcasting
 * Level 3.7 Conjurations
 * Level 2.5 Summonings
 + Level 6.5 Fire Magic
 * Level 4.2 Invocations


You had 8 spell levels left.
You knew the following spells:

 Your Spells              Type           Power      Damage    Failure   Level
a - Foxfire               Conj/Fire      100%       2x1d9     1%          1
b - Kindle Blastsparks    Fire/Tloc/Air  36%        2d13      9%          3
c - Inner Flame           Hex/Fire       23%        N/A       5%          3
d - Flame Wave            Conj/Fire      31%        2d9       9%          4
e - Scorch                Fire           74%        2d8       1%          2
f - Call Canine Familiar  Summ           20%        N/A       8%          3

Your spell library contained the following spells:

 Spells                   Type           Power      Damage    Failure   Level
 Apportation              Tloc           18%        N/A       8%          1
 Portal Projectile        Hex/Tloc       18%        N/A       22%         3
 Leda's Liquefaction      Hex/Erth       4%         N/A       56%         4
 Alistair's Intoxication  Tmut/Pois      8%         N/A       90%         5


Dungeon Overview and Level Annotations

Branches:
Dungeon (7/15)             Temple (0/1) D:7

Altars:
Ashenzari
Dithmenos
Kikubaaqudgha
Sif Muna
Zin

Shops:
D:5 *


Innate Abilities, Weirdness & Mutations

You cannot wear most types of armour.
You are amphibious.
You can wear up to eight rings at the same time.
Your skin changes colour to match your surroundings (Stealth+).
Your rubbery body absorbs attacks. (AC +1, EV +1)
((You are camouflaged when in or above water. (Stealth+)))
You have tentacles for arms and can constrict up to eight enemies at once.


Message History

The gnoll is moderately wounded.
The gnoll's fire resistance burns away.
A wight comes into view. It is wielding a +0 flail.
Casting: Scorch (safe; 1% risk of failure)
Confirm with . or Enter, or press ? or * to list all spells.
Flames lash the wight.
The wight is almost destroyed.
The wight's fire resistance burns away.
The gnoll hits you with a +0 club.
Casting: Scorch (safe; 1% risk of failure)
Confirm with . or Enter, or press ? or * to list all spells.
Aiming: Inner Flame (dangerous; 5% risk of failure)
Press: ? - help, Dir - move target, f - wight
Aim: a wight, wielding a +0 flail and wearing a +0 robe (almost destroyed, more vulnerable to fire, chance to affect: 78%)
The wight is filled with an inner flame.
The gnoll hits you with a +0 club.
Casting: Inner Flame (dangerous; 5% risk of failure)
Confirm with . or Enter, or press ? or * to list all spells.
Flames lash the wight.
The wight is burned terribly!
Sif Muna accepts your kill.
The wight explodes!
The tree burns like a torch!
You smell burning wood.
The fiery explosion engulfs the gnoll!!!
The gnoll is burned terribly!
You kill the gnoll!
Sif Muna accepts your kill.
You hear a shout! x3
Unknown command.
As you read the scroll labelled GYQ PUSAAMAU, it crumbles to dust.
You feel strangely unstable.
It was a scroll of teleportation.
The forest fire spreads!
The forest fire spreads!
Really wriggle into that cloud of spreading flames?
A deep elf pyromancer comes into view. It is wielding a +0 long sword.
You are engulfed in a forest fire.
The deep elf pyromancer shouts!
A bullfrog comes into view.
The deep elf pyromancer casts a spell at you.
The bolt of fire hits you!!!
Ouch! That really hurt!
You die...

#. #. #. #. ♣ ####.
#♣F♣# ### #....
♣..♣§♣♣♣ ♣♣.♣♣#.###
♣e.♣§§♣♣♣♣♣...♣#....
♣.@§§§♣..........##
♣.§§§♣.♣♣♣...♣#.##
♣.§§§§♣♣ ♣♣.♣♣#.#
####### ### #.# ###


You could see a deep elf pyromancer and a bullfrog (wandering).

Vanquished Creatures
  Maggie (D:7)
  A basilisk (D:7)
  Eustachio (D:4)
  A steam dragon (D:7)
  An acid dragon (D:6)
  A water moccasin (D:5)
  2 black bears
  A sky beast (D:6)
  An ogre (D:7)
  A centaur (D:7)
  A phantom (D:4)
  A kobold brigand (D:7)
  A bullfrog (D:7)
  4 scorpions
  4 wights (D:7)
  3 necrophages
  4 hounds
  A gnoll bouda (D:7)
  A jelly (D:6)
  3 iguanas
  Natasha (thrice) (D:2)
  3 gnolls
  3 adders
  3 shadow imps
  3 white imps
  2 worms
  2 dart slugs
  3 orcs
  11 endoplasms
  3 giant cockroaches
  10 goblins
  4 hobgoblins
  7 kobolds
  2 quokkas
  10 ball pythons
  6 bats (D:1)
  7 rats
116 creatures vanquished.

Vanquished Creatures (others)
  282 foxfires
  12 plants (D:7)
294 creatures vanquished.

Grand Total: 410 creatures vanquished

Notes
Turn   | Place    | Note
-------+----------+-------------------------------------------
     0 | D:1      | Conn the Octopode Fire Elementalist began the quest for the
                  | Orb.
     0 | D:1      | Reached XP level 1. HP: 11/11 MP: 3/3
    61 | D:1      | Found a faded altar of an unknown god.
   205 | D:1      | Reached XP level 2. HP: 17/17 MP: 0/5
   208 | D:1      | Learned a level 2 spell: Scorch
   543 | D:1      | Reached XP level 3. HP: 21/21 MP: 0/6
   946 | D:2      | Noticed Natasha
   952 | D:2      | Killed Natasha
   953 | D:2      | Reached XP level 4. HP: 27/27 MP: 3/8
  1117 | D:2      | Reached skill level 3 in Spellcasting
  1181 | D:2      | Noticed Natasha
  1187 | D:2      | Killed Natasha
  1336 | D:2      | Noticed Natasha
  1341 | D:2      | Killed Natasha
  1342 | D:2      | Reached XP level 5. HP: 24/31 MP: 1/10
  2326 | D:3      | Reached skill level 4 in Spellcasting
  2537 | D:4      | Reached skill level 1 in Short Blades
  2537 | D:4      | Reached XP level 6. HP: 36/36 MP: 5/12
  2594 | D:4      | Noticed Eustachio
  2698 | D:3      | Learned a level 3 spell: Kindle Blastsparks
  2702 | D:3      | Learned a level 3 spell: Inner Flame
  2707 | D:3      | Learned a level 4 spell: Flame Wave
  2718 | D:4      | Killed Eustachio
  2826 | D:4      | Reached XP level 7. HP: 33/42 MP: 2/13
  2982 | D:4      | Found a shimmering blue altar of Sif Muna.
  3041 | D:4      | Became a worshipper of Sif Muna the Loreminder
  3168 | D:4      | Reached skill level 5 in Fire Magic
  3565 | D:5      | Entered Level 5 of the Dungeon
  3588 | D:5      | Found a broken altar of Ashenzari.
  3647 | D:5      | Identified the +0 leather armour "Loifo" {Int+2}
  3776 | D:5      | Reached skill level 5 in Spellcasting
  3776 | D:5      | Reached skill level 1 in Invocations
  3817 | D:5      | Found an ancient bone altar of Kikubaaqudgha.
  3840 | D:5      | Found Famunu's Elemental Accessories.
  3847 | D:5      | Bought a wand of iceblast (7) for 201 gold pieces
  4370 | D:6      | Learned a level 3 spell: Call Canine Familiar
  4439 | D:6      | Reached XP level 8. HP: 47/47 MP: 9/16
  4640 | D:6      | Reached skill level 6 in Spellcasting
  5234 | D:7      | Found a shadowy altar of Dithmenos.
  5234 | D:7      | Found a glowing silver altar of Zin.
  5313 | D:7      | Reached * piety under Sif Muna
  5314 | D:7      | Reached skill level 7 in Spellcasting
  5454 | D:7      | Reached skill level 1 in Summonings
  5487 | D:7      | Reached XP level 9. HP: 34/52 MP: 0/20
  5630 | D:7      | Reached skill level 1 in Fighting
  5834 | D:7      | Noticed Maggie
  5847 | D:7      | Killed Maggie
  5854 | D:7      | Reached skill level 8 in Spellcasting
  5920 | D:6      | HP: 2/50 [poisoned by a wight]
  6139 | D:7      | Found a staircase to the Ecumenical Temple.
  6249 | D:7      | Noticed a deep elf pyromancer
  6249 | D:7      | Killed from afar by a deep elf pyromancer

Illustrated notes

Levels and vault maps discovered:
D:1:      psy_arrival_conway, layout_rooms, chequers_ecumenical_altar_simple
D:2:      layout_loops_corners, uniq_natasha
D:3:      layout_loops_cross, grunt_ministairs_14
D:4:      cheibrodos_barr_body, layout_rooms, nicolae_sif_muna_condensation,
          uniq_eustachio
D:5:      layout_basic, ashenzari_conservatory_becter,
          mainiacjoe_overflow_catwalk, nicolae_elemental_shop
D:6:      layout_cave_pools, serial_column_ruins, column_ruins_square_medium,
          column_ruins_hut, column_ruins_grid_3, column_ruins_open_small,
          column_ruins_columns_straight, column_ruins_open_medium,
          column_ruins_grid_1, column_ruins_corridor_corner,
          minmay_misc_feat_nine_boxes, chequers_serial_rivers_micro_c
D:7:      nzn_winding_woodlands_large [nzn_winding_woodlands_5x5_default,
          nzn_winding_woodlands_5x15_cabin, nzn_winding_woodlands_5x5_cross,
          nzn_winding_woodlands_center_pierced_h,
          nzn_winding_woodlands_15x15_eel_pit,
          nzn_winding_woodlands_center_garden,
          nzn_winding_woodlands_5x5_open_star,
          nzn_winding_woodlands_5x15_jagged,
          nzn_winding_woodlands_5x5_perimeter], layout_loops_ring,
          grunt_temple_overflow_open, minmay_temple_entry_statues_fountains,
          uniq_maggie

Skill      XL: |  1  2  3  4  5  6  7  8  9 |
---------------+----------------------------+-----
Fire Magic     | 4 5 6 |  6.5
Spellcasting   | 3 4 5 7 8 |  8.2
Stealth        | 3 |  3.6
Short Blades   | 1 |  1.7
Conjurations   | 2 3 |  3.7
Invocations    | 2 3 4 |  4.2
Summonings     | 1 2 |  2.5
Fighting       | 1 |  1.1
Staves         | |  0.7
Throwing       | |  0.1
Dodging        | |  2.6

Action                   |  1- 3 |  4- 6 |  7- 9 || total
-------------------------+-------+-------+-------++-------
Melee: Unarmed           |     6 |       |       ||     6
       Constrict         |     5 |     4 |     6 ||    15
       Tentacles         |     3 |     2 |     6 ||    11
       Short sword       |     6 |    16 |       ||    22
       Rapier            |       |       |    10 ||    10
       Punch             |       |       |     2 ||     2
       Staff             |       |       |    32 ||    32
Throw: Dart              |       |       |     1 ||     1
 Cast: Foxfire           |    53 |    40 |    74 ||   167
       Scorch            |     3 |    18 |    63 ||    84
       Flame Wave        |       |       |     2 ||     2
       Inner Flame       |       |       |     3 ||     3
       Call Canine Famil |       |       |     1 ||     1
Evoke: Wand              |       |       |     2 ||     2
  Use: Potion            |       |       |     2 ||     2
       Scroll            |       |       |     1 ||     1
 Stab: Sleeping          |     1 |     1 |       ||     2
Armor: Skin              |     2 |     1 |    55 ||    58
Dodge: Dodged            |    14 |    14 |    36 ||    64

Table legend: (Time is in decaauts)
 A = Elapsed time spent in this place.
 B = Non-inter-level travel time spent in this place.
 C = Inter-level travel time spent in this place.
 D = Time resting spent in this place.
 E = Time spent auto-exploring this place.
 F = Levels seen in this place.
 G = Mean time per level.
                   A        B        C        D        E       F      G
               +--------+--------+--------+--------+--------+-----+--------+
         Total |   6270 |   6196 |     74 |    343 |   4650 |   7 |  895.7 |
       Dungeon |   6270 |   6196 |     74 |    343 |   4650 |   7 |  895.7 |
               +--------+--------+--------+--------+--------+-----+--------+

Top non-repeatable levels by time:
     D:2: 1065 daAuts
     D:6: 1030 daAuts
     D:4: 940 daAuts
     D:7: 873 daAuts
     D:1: 850 daAuts
     D:5: 786 daAuts
     D:3: 723 daAuts
